[ PARTIDA AOE2 · #479868515 ]
UnrankedItalianos vs Mapuche
Equipo del jugador · VICT
Equipo rival · DERR
[ ANÁLISIS DE REPETICIÓN · EXTRAÍDO DE LA PARTIDA GRABADA ]
Feudal
8:53
Castillos
20:11
Imperial
—
| APM promedio | 74.5 |
| APM pico | 115 |
| eAPM promedio | 31.3 |
| Aldeanos / militares | 78 / 45 |
Foco
⚔️ 47.4% · 🌾 52.6%
Knight ×19 · Skirmisher ×19 · Scout Cavalry ×4 · Monk ×3
Feudal
9:01
Castillos
21:42
Imperial
—
| APM promedio | 48.0 |
| APM pico | 89 |
| eAPM promedio | 17.4 |
| Aldeanos / militares | 88 / 31 |
Foco
⚔️ 31.0% · 🌾 69.0%
Unknown (2550) ×34 · Archer ×15 · Bolas Rider ×13 · Spearman ×3
Mapa de la partida
Recursos iniciales + cada clic de construcción. Líneas = muros · curvas = relieve. ◆ oro · ⬟ piedra · ● bayas · ✦ reliquia · ◌ hueco del cierre
Tu base· ✓ Cerrada en 20:11 · 48t muro · sin puerta
Base de Fs.ShaDoWn· Abierta — el rival se encerró
Terreno inicial suavizado · ◌ = hueco del cierre detectado · pasá el cursor para detalles
Inputs por minuto
— fpl_whisperer - - Fs.ShaDoWn
Build order — fpl_whisperer
Primeras 150 de 257 acciones detectadas
| 0:03 | Crear | Villager (Male) ×4 |
| 0:04 | Construir | House |
| 0:06 | Construir | House |
| 1:25 | Crear | Villager (Male) |
| 1:55 | Construir | Lumber Camp |
| 2:00 | Crear | Villager (Male) |
| 2:19 | Crear | Villager (Male) |
| 2:47 | Crear | Villager (Male) |
| 3:03 | Crear | Villager (Male) |
| 3:28 | Construir | House |
| 3:34 | Crear | Villager (Male) |
| 4:00 | Crear | Villager (Male) |
| 4:02 | Construir | House |
| 4:21 | Crear | Villager (Male) |
| 4:34 | Construir | Mill |
| 4:44 | Crear | Villager (Male) |
| 4:53 | Construir | Palisade Wall |
| 5:16 | Crear | Villager (Male) |
| 5:33 | Crear | Villager (Male) |
| 5:39 | Investigar | Loom |
| 6:31 | Construir | Palisade Wall |
| 6:33 | Construir | Palisade Wall |
| 6:40 | Investigar | Feudal Age |
| 7:21 | Crear | Villager (Male) |
| 7:29 | Construir | Barracks |
| 7:40 | Construir | Palisade Wall |
| 7:41 | Construir | Palisade Wall |
| 8:53 | Edad | Edad Feudal |
| 8:55 | Construir | Stable |
| 8:57 | Investigar | Double-Bit Axe |
| 8:59 | Crear | Villager (Male) |
| 9:02 | Construir | House |
| 9:26 | Crear | Villager (Male) |
| 9:41 | Construir | House |
| 9:41 | Crear | Scout Cavalry |
| 9:42 | Crear | Scout Cavalry |
| 9:49 | Construir | Farm |
| 9:57 | Construir | House |
| 9:58 | Construir | Palisade Wall |
| 9:59 | Construir | Palisade Wall |
| 9:59 | Construir | Palisade Wall |
| 10:17 | Construir | House |
| 10:18 | Construir | Palisade Wall |
| 10:21 | Crear | Villager (Male) |
| 10:26 | Crear | Scout Cavalry |
| 10:27 | Crear | Villager (Male) |
| 10:31 | Construir | Palisade Wall |
| 10:32 | Construir | Palisade Wall |
| 10:42 | Construir | Palisade Wall |
| 10:43 | Construir | Palisade Wall |
| 10:53 | Crear | Villager (Male) |
| 10:59 | Crear | Scout Cavalry |
| 11:01 | Construir | Farm |
| 11:09 | Construir | Farm |
| 11:14 | Construir | Palisade Wall |
| 11:14 | Construir | Palisade Wall |
| 11:15 | Construir | Palisade Wall |
| 11:17 | Construir | Palisade Wall |
| 11:20 | Crear | Villager (Male) |
| 11:23 | Construir | Palisade Wall |
| 11:27 | Construir | Palisade Wall |
| 11:38 | Construir | Farm |
| 11:40 | Construir | Farm |
| 11:48 | Construir | Mining Camp |
| 11:52 | Crear | Villager (Male) |
| 12:12 | Construir | Archery Range |
| 12:17 | Crear | Villager (Male) |
| 12:19 | Construir | Farm |
| 12:20 | Construir | Farm |
| 12:25 | Construir | Palisade Wall |
| 12:29 | Crear | Villager (Male) |
| 12:35 | Construir | Palisade Wall |
| 12:44 | Construir | Farm |
| 12:58 | Crear | Villager (Male) |
| 13:01 | Construir | Farm |
| 13:08 | Crear | Skirmisher |
| 13:08 | Crear | Skirmisher |
| 13:20 | Construir | Palisade Wall |
| 13:25 | Construir | Farm |
| 13:25 | Crear | Villager (Male) |
| 13:30 | Crear | Skirmisher |
| 13:47 | Crear | Villager (Male) |
| 13:57 | Construir | Farm |
| 14:02 | Construir | House |
| 14:11 | Crear | Villager (Male) |
| 14:13 | Construir | Farm |
| 14:15 | Crear | Skirmisher |
| 14:38 | Crear | Villager (Male) |
| 14:43 | Crear | Skirmisher |
| 14:57 | Construir | House |
| 15:04 | Crear | Villager (Male) |
| 15:06 | Construir | Mining Camp |
| 15:09 | Construir | Farm |
| 15:20 | Crear | Skirmisher |
| 15:30 | Crear | Villager (Male) |
| 15:48 | Construir | Farm |
| 15:50 | Crear | Villager (Male) |
| 15:57 | Construir | Farm |
| 16:26 | Construir | Farm |
| 16:27 | Crear | Villager (Male) |
| 16:52 | Crear | Villager (Male) |
| 17:31 | Investigar | Castle Age |
| 17:42 | Construir | Lumber Camp |
| 17:52 | Crear | Skirmisher |
| 18:20 | Construir | House |
| 18:23 | Construir | Blacksmith |
| 18:35 | Crear | Villager (Male) |
| 18:43 | Crear | Skirmisher |
| 18:43 | Crear | Skirmisher |
| 19:13 | Crear | Skirmisher |
| 19:14 | Crear | Skirmisher |
| 19:32 | Investigar | Fletching |
| 19:36 | Investigar | Padded Archer Armor |
| 19:38 | Crear | Skirmisher |
| 19:42 | Investigar | Horse Collar |
| 19:44 | Investigar | Gold Mining |
| 20:01 | Investigar | Bloodlines |
| 20:08 | Construir | House |
| 20:11 | Edad | Edad de los Castillos |
| 20:16 | Crear | Villager (Male) |
| 20:20 | Construir | Farm |
| 20:21 | Construir | Farm |
| 20:32 | Investigar | Elite Skirmisher (upgrade) |
| 20:47 | Construir | House |
| 20:56 | Crear | Villager (Male) |
| 20:59 | Investigar | Bow Saw |
| 21:12 | Crear | Skirmisher |
| 21:24 | Crear | Villager (Male) |
| 21:33 | Crear | Villager (Male) |
| 21:42 | Crear | Skirmisher |
| 22:10 | Construir | Town Center |
| 22:15 | Investigar | Bodkin Arrow |
| 22:16 | Crear | Villager (Male) |
| 22:41 | Construir | Farm |
| 22:41 | Construir | Farm |
| 22:42 | Construir | Farm |
| 23:02 | Crear | Villager (Male) |
| 23:02 | Crear | Villager (Male) |
| 23:04 | Crear | Skirmisher |
| 23:05 | Crear | Skirmisher |
| 23:16 | Construir | House |
| 23:24 | Crear | Skirmisher |
| 23:30 | Crear | Villager (Male) |
| 23:43 | Construir | University |
| 24:07 | Investigar | Town Watch |
| 24:13 | Crear | Villager (Male) |
| 24:28 | Crear | Villager (Male) |
| 24:31 | Construir | Town Center |
| 24:38 | Investigar | Ballistics |
| 24:40 | Construir | Farm |
Build order — Fs.ShaDoWn
Primeras 150 de 239 acciones detectadas
| 0:00 | Crear | Villager (Male) |
| 0:01 | Crear | Villager (Male) |
| 0:01 | Crear | Villager (Male) |
| 0:01 | Crear | Villager (Male) |
| 0:03 | Construir | House |
| 0:04 | Construir | House |
| 1:24 | Crear | Villager (Male) |
| 1:24 | Crear | Villager (Male) |
| 1:56 | Construir | Settlement |
| 2:02 | Crear | Villager (Male) |
| 2:02 | Crear | Villager (Male) |
| 2:03 | Crear | Villager (Male) |
| 2:35 | Crear | Villager (Male) |
| 2:35 | Crear | Villager (Male) |
| 3:03 | Crear | Villager (Male) |
| 3:03 | Crear | Villager (Male) |
| 3:26 | Crear | Villager (Male) |
| 3:26 | Crear | Villager (Male) |
| 3:57 | Crear | Villager (Male) |
| 3:57 | Crear | Villager (Male) |
| 4:28 | Crear | Villager (Male) |
| 4:28 | Crear | Villager (Male) |
| 4:28 | Crear | Villager (Male) |
| 5:05 | Construir | Barracks |
| 5:19 | Crear | Villager (Male) |
| 5:21 | Crear | Villager (Male) |
| 5:22 | Crear | Villager (Male) |
| 5:38 | Investigar | Loom |
| 6:06 | Construir | House |
| 6:51 | Investigar | Feudal Age |
| 7:16 | Construir | Settlement |
| 7:24 | Crear | Unit 2550 |
| 7:48 | Crear | Unit 2550 |
| 8:55 | Crear | Villager (Male) |
| 9:01 | Edad | Edad Feudal |
| 9:26 | Investigar | Tech 1402 |
| 9:27 | Crear | Villager (Male) |
| 9:32 | Construir | Archery Range |
| 9:48 | Construir | Settlement |
| 9:59 | Crear | Villager (Male) |
| 9:59 | Crear | Villager (Male) |
| 10:12 | Crear | Villager (Male) |
| 10:12 | Crear | Villager (Male) |
| 10:28 | Crear | Archer |
| 10:29 | Crear | Archer |
| 10:35 | Construir | Farm |
| 10:57 | Crear | Spearman |
| 11:04 | Crear | Villager (Male) |
| 11:06 | Construir | Farm |
| 11:07 | Crear | Archer |
| 11:14 | Construir | Palisade Wall |
| 11:14 | Construir | Palisade Wall |
| 11:15 | Construir | Palisade Wall |
| 11:16 | Construir | Palisade Wall |
| 11:19 | Construir | Palisade Wall |
| 11:22 | Construir | Palisade Wall |
| 11:23 | Construir | Palisade Wall |
| 11:29 | Crear | Villager (Male) |
| 11:31 | Construir | Farm |
| 11:43 | Investigar | Double-Bit Axe |
| 11:51 | Crear | Archer |
| 11:53 | Construir | Farm |
| 12:03 | Crear | Spearman |
| 12:16 | Construir | Farm |
| 12:20 | Crear | Villager (Male) |
| 12:28 | Crear | Villager (Male) |
| 12:29 | Crear | Villager (Male) |
| 12:30 | Crear | Archer |
| 12:35 | Construir | House |
| 12:37 | Construir | Palisade Wall |
| 12:38 | Crear | Villager (Male) |
| 12:53 | Construir | Farm |
| 12:55 | Crear | Villager (Male) |
| 13:14 | Construir | Farm |
| 13:22 | Crear | Villager (Male) |
| 13:23 | Crear | Archer |
| 13:44 | Crear | Villager (Male) |
| 14:00 | Crear | Spearman |
| 14:03 | Crear | Villager (Male) |
| 14:05 | Crear | Villager (Male) |
| 14:25 | Construir | Blacksmith |
| 14:27 | Crear | Villager (Male) |
| 14:35 | Crear | Villager (Male) |
| 15:00 | Crear | Villager (Male) |
| 15:02 | Construir | Farm |
| 15:03 | Construir | Farm |
| 15:04 | Construir | Farm |
| 15:10 | Crear | Villager (Male) |
| 15:21 | Construir | House |
| 15:32 | Investigar | Fletching |
| 15:32 | Investigar | Fletching |
| 15:39 | Crear | Villager (Male) |
| 15:52 | Construir | Farm |
| 15:54 | Construir | Farm |
| 15:54 | Construir | Farm |
| 16:16 | Crear | Villager (Male) |
| 16:39 | Construir | Palisade Wall |
| 16:53 | Crear | Villager (Male) |
| 17:01 | Construir | Market |
| 17:02 | Construir | House |
| 17:04 | Construir | House |
| 17:09 | Construir | Farm |
| 17:20 | Crear | Villager (Male) |
| 17:30 | Crear | Villager (Male) |
| 17:40 | Crear | Villager (Male) |
| 17:45 | Construir | House |
| 17:46 | Construir | House |
| 18:06 | Construir | Farm |
| 18:07 | Construir | Farm |
| 18:37 | Construir | Palisade Wall |
| 18:46 | Investigar | Castle Age |
| 18:47 | Investigar | Castle Age |
| 19:00 | Construir | Archery Range |
| 19:31 | Investigar | Padded Archer Armor |
| 19:34 | Crear | Archer |
| 19:34 | Crear | Archer |
| 19:56 | Construir | Settlement |
| 20:24 | Crear | Archer |
| 20:25 | Crear | Archer |
| 20:37 | Construir | Palisade Wall |
| 20:54 | Crear | Archer |
| 20:54 | Crear | Archer |
| 20:55 | Crear | Archer |
| 21:03 | Construir | Farm |
| 21:32 | Crear | Archer |
| 21:34 | Crear | Archer |
| 21:42 | Edad | Edad de los Castillos |
| 21:50 | Crear | Villager (Male) |
| 21:51 | Crear | Villager (Male) |
| 21:51 | Crear | Villager (Male) |
| 21:51 | Crear | Villager (Male) |
| 22:09 | Investigar | Crossbowman (upgrade) |
| 22:10 | Investigar | Crossbowman (upgrade) |
| 22:10 | Investigar | Bodkin Arrow |
| 22:10 | Investigar | Bodkin Arrow |
| 22:26 | Crear | Villager (Male) |
| 22:39 | Investigar | Pikeman (upgrade) |
| 22:46 | Construir | Barracks |
| 23:05 | Crear | Villager (Male) |
| 23:06 | Crear | Villager (Male) |
| 23:11 | Investigar | Tech 1402 |
| 23:12 | Investigar | Tech 1402 |
| 23:14 | Construir | Barracks |
| 23:26 | Construir | House |
| 23:28 | Construir | House |
| 23:56 | Crear | Villager (Male) |
| 24:05 | Investigar | Tech 1351 |
| 24:05 | Investigar | Tech 1351 |
| 24:15 | Crear | Unit 2550 |
| 24:27 | Crear | Villager (Male) |
Cronología de la partida
| 4:53 | fpl_whisperer · wall_segment Palisade Wall x1 |
| 5:05 | Fs.ShaDoWn · first_building Barracks |
| 6:31 | fpl_whisperer · wall_segment Palisade Wall x1 |
| 6:33 | fpl_whisperer · wall_segment Palisade Wall x1 |
| 7:29 | fpl_whisperer · first_building Barracks |
| 7:40 | fpl_whisperer · wall_segment Palisade Wall x1 |
| 7:41 | fpl_whisperer · wall_segment Palisade Wall x1 |
| 8:53 | fpl_whisperer · age_up feudal |
| 8:55 | fpl_whisperer · first_building Stable |
| 9:01 | Fs.ShaDoWn · age_up feudal |
| 9:32 | Fs.ShaDoWn · first_building Archery Range |
| 9:58 | fpl_whisperer · wall_segment Palisade Wall x1 |
| 9:59 | fpl_whisperer · wall_segment Palisade Wall x1 |
| 9:59 | fpl_whisperer · wall_segment Palisade Wall x1 |
| 10:18 | fpl_whisperer · wall_segment Palisade Wall x1 |
| 10:31 | fpl_whisperer · wall_segment Palisade Wall x1 |
| 10:32 | fpl_whisperer · wall_segment Palisade Wall x1 |
| 10:42 | fpl_whisperer · wall_segment Palisade Wall x1 |
| 10:43 | fpl_whisperer · wall_segment Palisade Wall x4 |
| 11:14 | Fs.ShaDoWn · wall_segment Palisade Wall x1 |
| 11:14 | fpl_whisperer · wall_segment Palisade Wall x1 |
| 11:14 | Fs.ShaDoWn · wall_segment Palisade Wall x1 |
| 11:14 | fpl_whisperer · wall_segment Palisade Wall x1 |
| 11:15 | fpl_whisperer · wall_segment Palisade Wall x1 |
| 11:15 | Fs.ShaDoWn · wall_segment Palisade Wall x1 |
| 11:16 | Fs.ShaDoWn · wall_segment Palisade Wall x1 |
| 11:17 | fpl_whisperer · wall_segment Palisade Wall x4 |
| 11:19 | Fs.ShaDoWn · wall_segment Palisade Wall x3 |
| 11:22 | Fs.ShaDoWn · wall_segment Palisade Wall x1 |
| 11:23 | Fs.ShaDoWn · wall_segment Palisade Wall x1 |
| 11:23 | fpl_whisperer · wall_segment Palisade Wall x1 |
| 11:27 | fpl_whisperer · wall_segment Palisade Wall x1 |
| 12:12 | fpl_whisperer · first_building Archery Range |
| 12:25 | fpl_whisperer · wall_segment Palisade Wall x1 |
| 12:35 | fpl_whisperer · wall_segment Palisade Wall x15 |
| 12:37 | Fs.ShaDoWn · wall_segment Palisade Wall x1 |
| 13:20 | fpl_whisperer · wall_segment Palisade Wall x8 |
| 16:39 | Fs.ShaDoWn · wall_segment Palisade Wall x12 |
| 18:37 | Fs.ShaDoWn · wall_segment Palisade Wall x1 |
| 18:43 | Fs.ShaDoWn · first_market_buy 100 food |
| 20:11 | fpl_whisperer · age_up castle |
| 20:37 | Fs.ShaDoWn · wall_segment Palisade Wall x1 |
| 21:42 | Fs.ShaDoWn · age_up castle |
| 22:08 | Fs.ShaDoWn · first_market_sell 100 food |
| 26:32 | fpl_whisperer · first_building Monastery |
| 28:40 | fpl_whisperer · wall_segment Stone Wall x1 |
| 32:07 | Fs.ShaDoWn · resign |
[ ANÁLISIS IA · 1 CRÉDITO ]
¿Qué pasó realmente en esta partida?
Wolo.gg analiza cada decisión: build order, eco, micro, errores típicos por bracket. Análisis personalizado por WhatsApp o Discord en 30 segundos.
Guía civ
Italianos
Perfil
fpl_whisperer